 Dungeon Crawl Stone Soup version 0.21-a0-504-g2eda330 (webtiles) character file.

151370 vineage the Executioner (level 17, -2/160 HPs)
             Began as a Minotaur Fighter on Nov 26, 2017.
             Was the Champion of Okawaru.
             Slain by a nagaraja
             ... wielding a +0 halberd
              (4 damage)
             ... on level 3 of the Snake Pit.
             The game lasted 00:49:05 (23957 turns).

vineage the Executioner (Minotaur Fighter)         Turns: 23957, Time: 00:49:08

Health: -2/160     AC: 28    Str: 33    XL:     17   Next: 0%
Magic:  19/19      EV: 19    Int:  8    God:    Okawaru [******]
Gold:   2159       SH:  0    Dex: 25    Spells: 16/16 levels left

rFire    + . .     SeeInvis +   S - +9 executioner's axe (vamp)
rCold    + . .     Gourm    +   (shield currently unavailable)
rNeg     . . .     Faith    .   O - +6 chain mail of Protective Custody {rPois MR+}
rPois    +         Spirit   .   (helmet restricted)
rElec    +         Reflect  .   V - +0 cloak "Uwaabuj" {Str+6 Int+3}
rCorr    +         Harm     .   n - +1 pair of gloves
MR       ++...     NoTele   +   e - +4 pair of boots of the Maze {-Tele rPois Dex+8 SInv}
Stlth    ..........             D - amulet of the gourmand
HPRegen  0.36/turn              M - +4 ring of dexterity
MPRegen  0.16/turn              b - ring of resist corrosion (curse)

@: lethally poisoned (-2 -> -3), resistant, constricted, studying Shields
A: retaliatory headbutt, horns 2, agile 1, low mp 1, mutation resistance 1,
sense surroundings 1, subdued magic 1, sturdy frame 1
a: Heroism, Finesse, Renounce Religion


You were on level 3 of the Snake Pit.
You worshipped Okawaru.
Okawaru was exalted by your worship.
You were near starving.

You visited 5 branches of the dungeon, and saw 28 of its levels.

You collected 2377 gold pieces.
You spent 218 gold pieces at shops.

Inventory:

Hand Weapons
 a - a +1 war axe
 h - a +0 vampiric war axe
 P - a +6 broad axe
 S - a +9 vampiric executioner's axe (weapon)
Armour
 e - the +4 pair of boots of the Maze (worn) {-Tele rPois Dex+8 SInv}
   (You bought it in a shop on level 2 of the Orcish Mines)

   It affects your dexterity (+8).
   It protects you from poison.
   It lets you see invisible.
   It prevents most forms of teleportation.
 i - a +1 shield of reflection
 k - the +0 pair of boots of Polish {rC+}
   (You found it on level 14 of the Dungeon)

   It protects you from cold.
 n - a +1 pair of gloves (worn)
 O - the +6 chain mail of Protective Custody (worn) {rPois MR+}
   (You found it on level 3 of the Lair of Beasts)

   It protects you from poison.
   It affects your resistance to hostile enchantments.
 V - the +0 cloak "Uwaabuj" (worn) {Str+6 Int+3}
   (Okawaru gifted it to you on level 15 of the Dungeon)

   It affects your strength (+6).
   It affects your intelligence (+3).
 W - the +2 shield of Resistance {rF+ rC+ MR+}
   (You found it on level 12 of the Dungeon)

   It protects you from fire.
   It protects you from cold.
   It affects your resistance to hostile enchantments.
Jewellery
 b - a cursed ring of resist corrosion (right hand)
 y - an uncursed ring of protection from cold
 D - an amulet of the gourmand (around neck)
 M - a +4 ring of dexterity (left hand)
Wands
 p - a wand of iceblast (10)
 I - a wand of paralysis (15)
 R - a wand of polymorph (32)
Scrolls
 c - a scroll of magic mapping
 g - 3 scrolls of amnesia
 s - 2 scrolls of blinking
 t - 17 scrolls of remove curse
 x - a scroll of enchant weapon
 A - 12 scrolls of teleportation
 F - 7 scrolls of fear
 N - a scroll of fog
 X - a scroll of vulnerability
Potions
 d - a potion of mutation
 o - 3 potions of ambrosia
 u - a potion of cancellation {unknown}
 v - 6 potions of brilliance
 z - a potion of lignification
 B - a potion of berserk rage
 E - 3 potions of flight
 G - a potion of invisibility
 J - a potion of resistance
 K - 4 potions of curing
 L - 4 potions of agility
 U - 2 potions of might
Books
 l - a book of Changes

   Spells                             Type                      Level
   a - Beastly Appendage              Transmutation                1
   b - Sticks to Snakes               Transmutation                2
   c - Spider Form                    Transmutation/Poison         3
   d - Ice Form                       Ice/Transmutation            4
   e - Blade Hands                    Transmutation                5
 q - a book of Party Tricks

   Spells                             Type                      Level
   a - Summon Butterflies             Summoning                    1
   b - Apportation                    Translocation                1
   c - Lesser Beckoning               Translocation                3
   d - Tukima's Dance                 Hexes                        3
   e - Alistair's Intoxication        Transmutation/Poison         5
   f - Invisibility                   Hexes                        6
 w - a book of Transfigurations

   Spells                             Type                      Level
   a - Irradiate                      Conjuration/Transmutation    5
   b - Statue Form                    Transmutation/Earth          6
   c - Hydra Form                     Transmutation                6
   d - Dragon Form                    Transmutation                7
 C - a book of Maledictions

   Spells                             Type                      Level
   a - Corona                         Hexes                        1
   b - Ensorcelled Hibernation        Hexes/Ice                    2
   c - Confuse                        Hexes                        3
   d - Tukima's Dance                 Hexes                        3
   e - Dazzling Spray                 Conjuration/Hexes            3
 Q - a manual of Shields
 T - a Young Poisoner's Handbook

   Spells                             Type                      Level
   a - Sting                          Conjuration/Poison           1
   b - Poisonous Vapours              Poison/Air                   2
   c - Mephitic Cloud                 Conjuration/Poison/Air       3
   d - Olgreb's Toxic Radiance        Poison                       4
   e - Venom Bolt                     Conjuration/Poison           5
 Y - the Papyrus of Entrancing Confrontation
   (You found it on level 14 of the Dungeon)

   Spells                             Type                      Level
   a - Tukima's Dance                 Hexes                        3
   b - Venom Bolt                     Conjuration/Poison           5
   c - Invisibility                   Hexes                        6
Comestibles
 f - 24 bread rations
 j - 12 meat rations
 m - 12 royal jellies
 r - 28 fruits


   Skills:
 + Level 16.8 Fighting
 + Level 22.7 Axes
 + Level 12.2 Armour
 * Level 12.9 Dodging
 - Level 5.4 Shields
 - Level 5.1 Invocations
 - Level 7.6 Evocations


You had 16 spell levels left.
You didn't know any spells.

Dungeon Overview and Level Annotations

Branches:
Dungeon (15/15)            Temple (1/1) D:4            Lair (6/6) D:11
  Swamp (0/4) Lair:2        Snake (4/4) Lair:2        Slime (0/5) Lair:6
    Orc (2/2) D:9             Elf (0/3) Orc:2        Vaults (0/5) D:13
 Depths (0/5) D:15

Altars:
Ashenzari
Cheibriados
Dithmenos
Elyvilon
Fedhas
Gozag
Hepliaklqana
Kikubaaqudgha
Makhleb
Nemelex Xobeh
Okawaru
Qazlal
Ru
Sif Muna
Trog
Uskayaw
Vehumet
Wu Jian
Xom
Yredelemnul
Zin
The Shining One
Beogh

Shops:
D:4 (   Orc:2 :([*   Snake:1 (   Snake:2 =}

Annotations:
Lair:1 exclusion: 2 oklob plants


Innate Abilities, Weirdness & Mutations

You reflexively headbutt those who attack you in melee.
You have a pair of horns on your head.
You are agile. (Dex +2)
Your magical capacity is low. (-10% MP)
You are somewhat resistant to further mutation.
You passively map a small area around you.
Your spells are a little easier to cast, but a little less powerful.
Your movements are slightly less encumbered by armour. (ER -2)


Message History

* * * LOW HITPOINT WARNING * * *
The nagaraja completely misses you.
The nagaraja hits you from afar with an enchanted spear!
* * * LOW HITPOINT WARNING * * *
The nagaraja gestures at you while chanting.
The bolt of poison hits you! You resist.
* * * LOW HITPOINT WARNING * * *
The nagaraja misses you. You furiously retaliate!
You headbutt the nagaraja, but do no damage.
The nagaraja misses you. The naga completely misses you.
You climb upwards.
You are near starving!
There is a stone staircase leading down here.
You feel much better.
You feel sick. The nagaraja spits poison at you. The splash of poison hits you!
You resist. The nagaraja hits you with a halberd!
* * * LOW HITPOINT WARNING * * *
The nagaraja grabs you.
You die...

##...## ##...###.#
##...#####...####.#
##.........###...# ##.......##
###.# ###....## #.# #####)####
### ###........####
##...#######...### #### ....##
##..N@# ### #..# ##..### ###..N##
##.###..### ##...#####...###
#.#........ #..#.....#..#
###...###... #####..######
##.##..# ##.. ##...####
##...######... ##....)..#
####....#####....
##.....)(.#####....(..##.#.....
###...#####...##......(....(()...


You could see 2 nagarajas.

Vanquished Creatures
  Roxanne (Snake:3)
  2 nagarajas (Snake:2)
  An orc warlord (Orc:2)
  Nessos (Orc:2)
  A stone giant (Orc:2)
  Snorg (D:9)
  An ettin (D:15)
  A yaktaur captain (D:13)
  2 fire dragons (D:12)
  Josephine (D:12)
  2 ice dragons (D:12)
  4 hydras
  9 naga warriors
  4 centaur warriors (D:15)
  3 catoblepae (Lair:6)
  2 ogre magi (D:15)
  7 two-headed ogres
  6 anacondas
  The ghost of sagitran the Frost Mage, a journeyman BaIE of Cheibriados (Lair:3)
  4 tengu warriors
  10 death yaks
  Urug (D:9)
  2 orc high priests (Orc:2)
  8 naga sharpshooters
  Nergalle (Orc:2)
  7 shock serpents
  Sonja (D:14)
  4 salamander mystics
  A deep troll (D:15)
  2 unseen horrors
  5 naga ritualists
  A lindwurm (Lair:4)
  A wolf spider zombie (D:15)
  3 orc knights (Orc:2)
  2 oklob plants (Lair:1)
  2 cyclopes
  10 mana vipers
  12 ugly things
  A deep elf mage (D:14)
  The ghost of sagitran the Chiller, a novice BaIE of Cheibriados (D:6)
  4 orc sorcerers
  3 manticores
  4 salamanders
  A moth of wrath (shapeshifter) (D:15)
  Maurice (D:8)
  3 guardian serpents
  A centaur zombie (D:10)
  A guardian serpent (shapeshifter) (D:14)
  9 naga magi
  17 elephants
  37 black mambas
  10 spiny frogs
  A kobold demonologist (D:12)
  A rime drake (Lair:6)
  A gargoyle (D:15)
  2 centaur skeletons
  3 yaktaurs
  10 komodo dragons
  An efreet (D:15)
  7 trolls
  A tengu conjurer (D:12)
  A harpy zombie (D:15)
  A harpy skeleton (D:14)
  7 polar bears
  29 blink frogs
  5 hippogriffs
  10 slime creatures
  A spriggan (D:7)
  4 wraiths (D:12)
  A vampire (D:7)
  4 wyverns
  Eustachio (D:6)
  A basilisk (Lair:4)
  34 yaks
  A fire elemental (Lair:4)
  A steam dragon (D:12)
  4 fire bats (Lair:4)
  The ghost of wintastic the Chopper, an amateur HOSk (D:4)
  2 hungry ghosts
  2 vampire mosquitoes (D:13)
  3 wargs (Orc:2)
  31 nagas
  2 swamp worms (Lair:2)
  3 insubstantial wisps (D:13)
  2 acid dragons (D:15)
  A soldier ant (shapeshifter) (D:15)
  11 water moccasins
  2 porcupines (Lair:4)
  32 orc warriors
  3 sky beasts
  An ice beast (D:9)
  A swamp drake (D:9)
  An eye of draining (D:11)
  A hornet zombie (D:5)
  2 phantoms
  7 black bears
  9 ogres
  5 wolves (Lair:5)
  3 boggarts (D:15)
  20 centaurs
  8 crocodiles
  A big kobold (D:9)
  10 bullfrogs
  A gnoll sergeant (Orc:2)
  A wyvern zombie (D:12)
  A wyvern skeleton (D:12)
  A scorpion (D:8)
  A howler monkey (D:11)
  5 electric eels
  10 crimson imps
  6 jellies
  A quasit (D:11)
  26 orc priests
  7 hounds
  20 orc wizards
  3 bullfrog zombies
  A gnoll shaman (D:4)
  Crazy Yiuf (D:2)
  2 bullfrog skeletons
  Jessica (D:9)
  2 iguanas
  Natasha (thrice) (D:2)
  Terence (D:3)
  6 hell rats (Lair:5)
  11 worker ants
  A worker ant zombie (D:5)
  10 gnolls
  25 adders
  5 shadow imps
  2 oozes
  2 adder skeletons (D:7)
  2 adder zombies
  3 worms
  3 dart slugs
  3 leopard geckos
  71 orcs
  5 giant cockroaches
  3 hobgoblins (D:1)
  17 jackals
  6 quokkas
  2 ball pythons
  9 bats
  2 frilled lizards
  12 goblins
  14 kobolds
  11 rats
  A fungus (Lair:2)
  8 plants
844 creatures vanquished.

Vanquished Creatures (others)
  A guardian serpent (Snake:4)
  2 orcs
  11 fungi (Lair:3)
  36 plants
50 creatures vanquished.

Grand Total: 894 creatures vanquished

Notes
Turn   | Place    | Note
-------+----------+-------------------------------------------
     0 | D:1      | vineage the Minotaur Fighter began the quest for the Orb.
     0 | D:1      | Reached XP level 1. HP: 19/19 MP: 0/0
    91 | D:1      | Reached XP level 2. HP: 19/27 MP: 1/1
   276 | D:1      | Reached skill level 3 in Axes
   368 | D:1      | Reached XP level 3. HP: 33/34 MP: 2/2
   726 | D:2      | Reached skill level 4 in Axes
   767 | D:2      | Found a radiant altar of Vehumet.
   768 | D:2      | Found a sparkling altar of Nemelex Xobeh.
   769 | D:2      | Noticed Natasha
   777 | D:2      | Killed Natasha
   777 | D:2      | Reached XP level 4. HP: 30/41 MP: 3/3
   983 | D:2      | Noticed Natasha
   988 | D:2      | Killed Natasha
   988 | D:2      | Reached skill level 5 in Fighting
   988 | D:2      | Reached skill level 5 in Axes
  1229 | D:2      | Reached XP level 5. HP: 48/48 MP: 4/4
  1251 | D:2      | Found a runed door.
  1255 | D:2      | Noticed Crazy Yiuf
  1255 | D:2      | Noticed Natasha
  1261 | D:2      | Killed Natasha
  1265 | D:2      | Killed Crazy Yiuf
  1413 | D:3      | Reached skill level 6 in Axes
  1618 | D:3      | Noticed Terence
  1634 | D:3      | Killed Terence
  1634 | D:3      | Reached XP level 6. HP: 53/56 MP: 5/5
  1951 | D:3      | Found a burning altar of Makhleb.
  1956 | D:3      | Found a shimmering altar of Xom.
  2305 | D:4      | Noticed wintastic's ghost (amateur HOSk)
  2313 | D:4      | Killed wintastic's ghost
  2313 | D:4      | Reached skill level 7 in Axes
  2352 | D:4      | Reached skill level 8 in Axes
  2352 | D:4      | Reached XP level 7. HP: 48/63 MP: 6/6
  2615 | D:4      | Found a staircase to the Ecumenical Temple.
  2625 | Temple   | Entered the Ecumenical Temple
  2761 | D:4      | Found Roant's Weapon Emporium.
  3228 | D:5      | Entered Level 5 of the Dungeon
  3253 | D:5      | Gained mutation: Your magical capacity is low. (-10% MP) [mutagenic meat]
  3254 | D:5      | Gained mutation: Your movements are slightly less encumbered by armour. (ER -2) [mutagenic meat]
  3256 | D:5      | Gained mutation: You passively map a small area around you. [mutagenic meat]
  3274 | D:5      | Reached skill level 9 in Axes
  3378 | D:5      | Reached skill level 11 in Axes
  3378 | D:5      | Reached XP level 8. HP: 65/79 MP: 6/6
  3379 | D:5      | Reached skill level 5 in Evocations
  3379 | D:5      | Reached XP level 9. HP: 70/85 MP: 10/10
  3443 | D:5      | Found a blossoming altar of Fedhas.
  3452 | D:5      | Found a sacrificial altar of Ru.
  3469 | D:5      | Found a stormy altar of Qazlal.
  3484 | D:5      | Found a deep blue altar of Sif Muna.
  3496 | D:5      | Found an iron altar of Okawaru.
  3505 | D:5      | Became a worshipper of Warmaster Okawaru
  3792 | D:6      | Noticed Eustachio
  3799 | D:6      | Killed Eustachio
  3799 | D:6      | Reached XP level 10. HP: 86/93 MP: 11/11
  3841 | D:6      | Noticed sagitran's ghost (novice BaIE)
  3854 | D:6      | Killed sagitran's ghost
  3854 | D:6      | Reached * piety under Okawaru
  3854 | D:6      | Reached skill level 12 in Axes
  3876 | D:6      | Reached skill level 10 in Fighting
  3899 | D:6      | Gained mutation: You are agile. (Dex +2) [mutagenic meat]
  3900 | D:6      | Gained mutation: Your spells are a little easier to cast, but a little less powerful. [mutagenic meat]
  3902 | D:6      | Gained mutation: You are somewhat resistant to further mutation. [mutagenic meat]
  4128 | D:6      | Found a glowing silver altar of Zin.
  4128 | D:6      | Found a white marble altar of Elyvilon.
  4128 | D:6      | Found a glowing golden altar of the Shining One.
  5086 | D:7      | Reached ** piety under Okawaru
  5970 | D:8      | Noticed Maurice
  5982 | D:8      | Killed Maurice
  5982 | D:8      | Reached skill level 13 in Axes
  6055 | D:8      | Noticed a two-headed ogre
  6069 | D:8      | Killed a two-headed ogre
  6235 | D:8      | Noticed a two-headed ogre
  6243 | D:8      | Killed a two-headed ogre
  6243 | D:8      | Reached *** piety under Okawaru
  6243 | D:8      | Reached XP level 11. HP: 97/101 MP: 12/12
  6451 | D:9      | Noticed a two-headed ogre
  6459 | D:9      | Killed a two-headed ogre
  6528 | D:9      | Found a sparkling altar of Nemelex Xobeh.
  6528 | D:9      | Noticed Jessica
  6531 | D:9      | Killed Jessica
  6593 | D:9      | Reached skill level 14 in Axes
  6706 | D:9      | Reached **** piety under Okawaru
  6758 | D:9      | Found a staircase to the Orcish Mines.
  7285 | D:10     | Entered Level 10 of the Dungeon
  7855 | D:10     | Found a bloodstained altar of Trog.
  7869 | D:10     | Reached skill level 1 in Invocations
  7872 | D:10     | Reached ***** piety under Okawaru
  8326 | Orc:1    | Entered Level 1 of the Orcish Mines
  8326 | Orc:1    | Noticed Snorg
  8326 | Orc:1    | Noticed Urug
  8338 | D:9      | Killed Urug
  8487 | D:9      | Killed Snorg
  8785 | Orc:1    | Reached skill level 15 in Axes
  8786 | Orc:1    | Noticed an orc sorcerer
  8788 | Orc:1    | Noticed a soul eater
  8812 | Orc:1    | Killed an orc sorcerer
  9018 | Orc:1    | Noticed an orc sorcerer
  9030 | Orc:1    | Killed an orc sorcerer
  9030 | Orc:1    | Received a gift from Okawaru
  9331 | Orc:2    | Entered Level 2 of the Orcish Mines
  9334 | Orc:2    | Noticed an orc high priest
  9340 | Orc:2    | Noticed Nessos
  9361 | Orc:2    | Killed an orc high priest
  9361 | Orc:2    | Reached XP level 12. HP: 112/112 MP: 14/14
  9380 | Orc:2    | Killed Nessos
  9601 | Orc:2    | Found a staircase to the Elven Halls.
  9796 | Orc:2    | Noticed Nergalle
  9797 | Orc:2    | Noticed an orc high priest
  9808 | Orc:2    | Found a roughly hewn altar of Beogh.
  9819 | Orc:2    | Killed an orc high priest
  9819 | Orc:2    | Received a gift from Okawaru
  9819 | Orc:2    | Reached skill level 16 in Axes
  9823 | Orc:2    | Killed Nergalle
  9836 | Orc:2    | Noticed an orc warlord
  9858 | Orc:2    | Killed an orc warlord
 10703 | Orc:2    | Found Xememm's Antique Armour Emporium.
 10715 | Orc:2    | Found Gyergh's General Store.
 10756 | Orc:2    | Bought a pair of bloodstained boots for 218 gold pieces
 10792 | Orc:2    | Noticed a stone giant
 10808 | Orc:2    | Killed a stone giant
 10898 | Orc:2    | Found Vajon's Book Emporium.
 10913 | Orc:2    | Found Mixoisol's Antique Weapon Emporium.
 10947 | Orc:2    | Identified the +4 pair of boots of the Maze {-Tele rPois Dex+8 SInv} (You bought it in a shop on level 2 of the Orcish Mines)
 11086 | D:11     | Noticed a two-headed ogre
 11093 | D:11     | Killed a two-headed ogre
 11097 | D:11     | Found a staircase to the Lair.
 11105 | D:11     | Reached XP level 13. HP: 110/119 MP: 2/15
 11117 | D:11     | Received a gift from Okawaru
 11152 | Lair:1   | Entered Level 1 of the Lair of Beasts
 11603 | Lair:1   | Reached skill level 5 in Invocations
 11607 | Lair:1   | Reached skill level 17 in Axes
 11911 | Lair:2   | Found a staircase to the Snake Pit.
 12614 | Lair:2   | Found a staircase to the Swamp.
 13266 | Lair:3   | Noticed sagitran's ghost (journeyman BaIE)
 13275 | Lair:3   | Killed sagitran's ghost
 14140 | Lair:3   | Got a dazzling chain mail
 14151 | Lair:3   | Identified the +6 chain mail of Protective Custody {rPois MR+} (You found it on level 3 of the Lair of Beasts)
 14291 | Lair:4   | Reached skill level 5 in Shields
 14301 | Lair:4   | Reached ****** piety under Okawaru
 14301 | Lair:4   | Received a gift from Okawaru
 14315 | Lair:4   | Reached skill level 18 in Axes
 14466 | Lair:4   | Found a dark tunnel.
 14588 | Lair:4   | Reached XP level 14. HP: 114/132 MP: 16/16
 15208 | Lair:5   | Received a gift from Okawaru
 15261 | Lair:5   | Reached skill level 10 in Armour
 15980 | Lair:6   | Entered Level 6 of the Lair of Beasts
 16135 | Lair:6   | Found a staircase to the Slime Pits.
 16383 | Lair:6   | Reached skill level 10 in Dodging
 16451 | Lair:6   | Reached skill level 19 in Axes
 17131 | D:12     | Received a gift from Okawaru
 17204 | D:12     | Found a runed door.
 17205 | D:12     | Found the +2 shield of Resistance {rF+ rC+ MR+}
 17216 | D:12     | Found a runed door.
 17281 | D:12     | Noticed Josephine
 17291 | D:12     | Killed Josephine
 17715 | D:12     | Reached XP level 15. HP: 139/139 MP: 12/17
 17720 | D:12     | Reached skill level 15 in Fighting
 18028 | D:13     | Found a gate to the Vaults.
 18575 | D:13     | Reached skill level 20 in Axes
 18654 | D:14     | Identified the Papyrus of Entrancing Confrontation
 18693 | D:14     | Noticed Sonja
 18697 | D:14     | Killed Sonja
 19194 | D:14     | Received a gift from Okawaru
 19241 | D:14     | Got a pair of transparent boots
 19253 | D:14     | Identified the +0 pair of boots of Polish {rC+} (You found it on level 14 of the Dungeon)
 19536 | D:15     | Entered Level 15 of the Dungeon
 19649 | D:15     | Found a staircase to the Depths.
 19686 | D:15     | Received a gift from Okawaru
 19689 | D:15     | Got a jewelled cloak {god gift}
 19701 | D:15     | Identified the +0 cloak "Uwaabuj" {Str+6 Int+3} (Okawaru gifted it to you on level 15 of the Dungeon)
 19705 | D:15     | Reached skill level 21 in Axes
 20352 | Snake:1  | Entered Level 1 of the Snake Pit
 20754 | Snake:1  | Reached XP level 16. HP: 141/151 MP: 18/18
 20772 | Snake:1  | Found Saob's Antique Weapon Shoppe.
 21579 | Snake:2  | Found Afaezumo's Gadget Shop.
 21585 | Snake:2  | Found Loir's Jewellery Boutique.
 21641 | Snake:2  | Received a gift from Okawaru
 21758 | Snake:2  | Reached skill level 22 in Axes
 23234 | Snake:3  | Noticed Roxanne
 23605 | Snake:3  | Killed Roxanne
 23613 | Snake:3  | Received a gift from Okawaru
 23913 | Snake:4  | Entered Level 4 of the Snake Pit
 23941 | Snake:4  | Reached XP level 17. HP: 130/160 MP: 19/19
 23955 | Snake:4  | HP: 1/160 [nagaraja/bolt of poison (8)]
 23957 | Snake:3  | Slain by a nagaraja

Vault maps used:
D:1:      dpeg_arrival_radiant
D:2:      chequers_temple_overflow_statue_of_worship, uniq_crazy_yiuf_cottage,
          uniq_natasha
D:3:      grunt_temple_overflow_champion_of_chaos, first_bread, uniq_terence
D:4:      temple_fountains, serial_shops, kennysheep_mini_moat
D:5:      grunt_temple_overflow_forces_of_nature, grunt_temple_overflow_open,
          hangedman_ru_absence, minivault_24, saegor_snake_ambush
D:6:      good_gods_mini_temple, uniq_eustachio
D:7:      the_bakery
D:8:      minmay_liquid_box, uniq_maurice
D:9:      erik_orc_1, nemelex_lonely_heart_becter
D:10:     trog_ov_bears_minmay
D:11:     dpeg_oklobed_lair, elves_outpost_lemuel, uniq_erica
D:12:     minmay_guarded_unrand_resistance, uniq_josephine
D:13:     david_vaults_2, serial_glass, glass_columns_a, glass_columns_a,
          glass_columns_a, glass_columns_b, glass_columns_a, glass_columns_b,
          pond
D:14:     lemuel_ice_spiral_2, hangedman_decor_push, uniq_sonja
D:15:     hangedman_depths_entry_civil_slaughter, minmay_misc_feat_four_crosses
Temple:   compressed_dpeg_circular_temple
Lair:1:   minmay_lair_oklob_tunnel, grunt_megastairs_1
Lair:2:   beast_lair_carwin_large_2, nicolae_swamp_entry_splash_gauntlet,
          dummy_snake_entry, lemuel_fruit_fields
Lair:3:   minmay_lair_venomous_thicket
Lair:4:   nicolae_volcano_entry_vermiform, beast_lair_carwin_8
Lair:5:   nicolae_quartered_pool_super, beast_lair_carwin_4
Lair:6:   evilmike_catoblepas_cave, slime_dummy, minivault_27, st_stairs_3,
          minivault_27
Snake:1:  serial_shops, nicolae_shop_window_shopping
Snake:2:  minmay_shoptagon, lemuel_fruit_tree, basic_stair_grate_trap
Snake:3:  uniq_roxanne
Snake:4:  snake_pit_salamanders_mu, serial_bayou_shore_b
Orc:1:    uniq_snorg, uniq_urug, uniq_fannar
Orc:2:    grunt_orc_cross, uniq_nessos

Skill      XL: |  1  2  3  4  5  6  7  8  9 10 11 12 13 14 15 16 |
---------------+-------------------------------------------------+-----
Fighting       | 4 5 6 9 10 11 12 14 15 16 | 16.8
Axes           | 3 4 5 6 8 11 13 15 16 18 19 21 22 | 22.7
Dodging        | 9 10 11 12 | 12.9
Armour         | 8 9 10 11 12 | 12.2
Evocations     | 5 6 7 |  7.6
Invocations    | 2 4 5 |  5.1
Shields        | 5 |  5.4

Action                   |  1- 3 |  4- 6 |  7- 9 | 10-12 | 13-15 | 16-18 || total
-------------------------+-------+-------+-------+-------+-------+-------++-------
Melee: War axe           |    82 |   135 |   118 |   345 |       |       ||   680
       Headbutt          |     9 |    32 |    24 |   166 |   267 |    77 ||   575
       Broad axe         |       |       |       |   282 |   294 |       ||   576
       Executioner's axe |       |       |       |       |   522 |   237 ||   759
Invok: Heroism           |       |       |       |    12 |    11 |     2 ||    25
       Finesse           |       |       |       |     5 |     2 |     1 ||     8
  Use: Potion            |     1 |     1 |     2 |    14 |     2 |     6 ||    26
       Scroll            |       |    10 |     2 |     8 |    15 |     1 ||    36
 Stab: Confused          |       |       |       |     1 |       |       ||     1
       Petrified         |       |       |       |       |     3 |       ||     3
       Petrifying        |       |       |       |       |     1 |       ||     1
  Eat: Chunk             |       |     4 |     7 |    25 |    26 |     8 ||    70
       Royal jelly       |       |       |     1 |     1 |       |       ||     2
       Fruit             |       |       |       |     5 |     4 |     3 ||    12
       Meat ration       |       |       |       |       |     1 |       ||     1
Armor: Scale mail        |    11 |       |       |       |       |       ||    11
       Plate armour      |    52 |    67 |    53 |   228 |    55 |       ||   455
       Skin              |       |       |       |     5 |       |       ||     5
       Chain mail        |       |       |       |       |   364 |   128 ||   492
Dodge: Dodged            |    22 |    20 |    21 |   207 |   622 |   320 ||  1212
Block: Shield            |    47 |    73 |    49 |   255 |   124 |       ||   548

Table legend:
 A = Spawn XP
 B = Non-spawn XP
 C = Spawn XP percentage of total XP
 D = Spawn monster count
 E = Non-spawn monster count
 F = Spawn count percentage of total count
 G = Total turns spent on level
                    A         B        C        D         E        F      G
               +---------+---------+-------+---------+---------+-------+---------
         Total |       0 |  212442 |   0.0 |       0 |     836 |   0.0 | 23957
               +---------+---------+-------+---------+---------+-------+---------
           D:1 |       0 |      54 |   0.0 |       0 |      30 |   0.0 |   698
           D:2 |       0 |     220 |   0.0 |       0 |      23 |   0.0 |   658
           D:3 |       0 |     225 |   0.0 |       0 |      33 |   0.0 |   948
           D:4 |       0 |     457 |   0.0 |       0 |      12 |   0.0 |   837
           D:5 |       0 |     596 |   0.0 |       0 |      19 |   0.0 |   564
           D:6 |       0 |    1241 |   0.0 |       0 |      11 |   0.0 |   712
           D:7 |       0 |    1323 |   0.0 |       0 |      21 |   0.0 |   769
           D:8 |       0 |    3130 |   0.0 |       0 |      24 |   0.0 |  1065
           D:9 |       0 |    5853 |   0.0 |       0 |      51 |   0.0 |  1396
          D:10 |       0 |    1945 |   0.0 |       0 |      16 |   0.0 |  1011
          D:11 |       0 |    3279 |   0.0 |       0 |      15 |   0.0 |   165
          D:12 |       0 |   12083 |   0.0 |       0 |      29 |   0.0 |   655
          D:13 |       0 |    5478 |   0.0 |       0 |      47 |   0.0 |   892
          D:14 |       0 |   16105 |   0.0 |       0 |      47 |   0.0 |   910
          D:15 |       0 |   17134 |   0.0 |       0 |      42 |   0.0 |   726
        Lair:1 |       0 |    4388 |   0.0 |       0 |      15 |   0.0 |   761
        Lair:2 |       0 |    5468 |   0.0 |       0 |      25 |   0.0 |  1177
        Lair:3 |       0 |    4068 |   0.0 |       0 |      23 |   0.0 |  1136
        Lair:4 |       0 |   13826 |   0.0 |       0 |      39 |   0.0 |  1004
        Lair:5 |       0 |   10584 |   0.0 |       0 |      40 |   0.0 |   838
        Lair:6 |       0 |   16343 |   0.0 |       0 |      40 |   0.0 |  1053
       Snake:1 |       0 |   19273 |   0.0 |       0 |      37 |   0.0 |  1197
       Snake:2 |       0 |   23874 |   0.0 |       0 |      45 |   0.0 |  1473
       Snake:3 |       0 |   18650 |   0.0 |       0 |      31 |   0.0 |   892
       Snake:4 |       0 |   10132 |   0.0 |       0 |      20 |   0.0 |    43
         Orc:1 |       0 |    2155 |   0.0 |       0 |      27 |   0.0 |   928
         Orc:2 |       0 |   14558 |   0.0 |       0 |      74 |   0.0 |  1362
               +---------+---------+-------+---------+---------+-------+---------
